 Dungeon Crawl Stone Soup version 0.31-a0-1237-gabc64e778c (console) character file.

Game seed: 12813848775015187010

133863 jejorda2 the Cleaver (level 17, -5/137 HPs)
             Began as a Gnoll Berserker on Dec 15, 2023.
             Was a High Priest of Trog.
             Blown up by a sun moth (38 damage)
             ... with a bolt of energy
             ... on level 1 of the Spider Nest.
             The game lasted 01:38:10 (34824 turns).

jejorda2 the Cleaver (Gnoll Berserker)             Turns: 34824, Time: 01:38:16

Health: -5/137     AC: 36    Str: 26    XL:     17   Next: 15%
Magic:  32/32      EV:  9    Int: 14    God:    Trog [*****.]
Gold:   2356       SH:  0    Dex: 12    Spells: 39/39 levels left

rFire   + . .        a - +4 battleaxe (heavy)
rCold   + . .        (shield currently unavailable)
rNeg    . . .        G - +0 crystal plate armour of Conscience {Harm Int+2}
rPois   +            v - +2 helmet
rElec   .            E - +2 cloak
rCorr   .            F - +2 pair of gloves {Stlth+}
SInv    .            h - +2 pair of boots {rampage}
Will    +++..        i - amulet of the Jester {Faith rC+ Str+3 Int+4} Stlth
                     c - ring of protection from fire
HPRegen 1.42/turn    A - ring of poison resistance
MPRegen 0.23/turn

%: harm (+30% outgoing, +20% incoming), rampage, faith
@: strong-willed, on berserk cooldown, regenerating, slowed, glowing, very slow
A: fangs 1, strong nose, distributed training
a: Renounce Religion, Berserk, Trog's Hand, Brothers in Arms


You were on level 1 of the Spider Nest.
You worshipped Trog.
Trog was extremely pleased with you.
You visited 4 branches of the dungeon, and saw 23 of its levels.
You also visited: Bailey and Gauntlet.

You collected 2823 gold pieces.
You spent 467 gold pieces at shops.

Inventory:

Hand Weapons
 a - a +4 heavy battleaxe (weapon)
 b - a +4 lajatang of flaming
 w - a +5 demon trident
Missiles
 f - 6 curare-tipped darts
 n - 24 poisoned darts (quivered)
 s - 11 boomerangs
 H - 9 atropa-tipped darts
 K - 3 darts of dispersal
 M - 7 silver javelins
 X - 2 throwing nets
Armour
 h - a +2 pair of boots of rampaging (worn)
 v - a +2 helmet (worn)
 E - a +2 cloak (worn)
 F - a +2 pair of gloves of stealth (worn)
 G - the +0 crystal plate armour of Conscience (worn) {Harm Int+2}
   (You found it in a bailey)

   Int+2:     It affects your intelligence (+2).
   Harm:      It increases damage dealt and taken.
Jewellery
 c - a ring of protection from fire (left hand)
 d - a ring of positive energy
 i - the amulet of the Jester (around neck) {Faith rC+ Str+3 Int+4}
   (You acquired it on level 10 of the Dungeon)

   [amulet of faith]

   Faith:     It allows you to gain divine favour quickly.
   Str+3:     It affects your strength (+3).
   Int+4:     It affects your intelligence (+4).
   rC+:       It protects you from cold.
 y - a ring of ice
 A - a ring of poison resistance (right hand)
 U - a +4 ring of protection
Wands
 k - a wand of acid (7)
 m - a wand of roots (24)
 q - a wand of charming (26)
 D - a wand of polymorph (2)
 N - a wand of digging (16)
 O - a wand of flame (30)
 Y - a wand of mindburst (7)
Scrolls
 g - 7 scrolls of identify
 j - 13 scrolls of teleportation
 o - 4 scrolls of poison
 t - a scroll of fear
 x - 4 scrolls of silence
 B - 2 scrolls of enchant weapon
 I - a scroll of torment
 R - a scroll of immolation
 S - a scroll of blinking
 V - a scroll of revelation
 W - a scroll of fog
Potions
 e - 3 potions of mutation
 p - a potion of might
 r - 7 potions of curing
 u - a potion of enlightenment
 z - 5 potions of invisibility
 C - 4 potions of resistance
 J - 3 potions of attraction
 L - a potion of ambrosia
 P - a potion of cancellation
 T - a potion of haste
Miscellaneous
 l - a phial of floods
 Q - a condenser vane


   Skills:
 + Level 13.2 Fighting
 + Level 11.6 Short Blades
 + Level 11.6 Long Blades
 + Level 13.2 Axes
 + Level 11.6 Maces & Flails
 + Level 11.6 Polearms
 + Level 11.6 Staves
 + Level 11.6 Ranged Weapons
 + Level 11.6 Throwing
 + Level 12.5 Armour
 + Level 12.5 Dodging
 + Level 11.6 Stealth
 + Level 11.6 Shields
 + Level 11.6 Unarmed Combat
 + Level 11.6 Spellcasting
 + Level 9.8 Conjurations
 + Level 9.8 Hexes
 + Level 9.8 Summonings
 + Level 9.8 Necromancy
 + Level 9.8 Translocations
 + Level 9.8 Transmutations
 + Level 9.8 Fire Magic
 + Level 9.8 Ice Magic
 + Level 9.8 Air Magic
 + Level 9.8 Earth Magic
 + Level 9.8 Poison Magic
 + Level 12.6 Invocations
 + Level 11.6 Evocations
 + Level 10.7 Shapeshifting


You had 39 spell levels left.
You didn't know any spells.
Your spell library was empty.

Dungeon Overview and Level Annotations

Branches:
Dungeon (15/15)            Temple (0/1) D:5            Lair (5/5) D:9
 Shoals (0/4) Lair:3       Spider (1/4) Lair:3        Slime (0/5) Lair:4
    Orc (2/2) D:9             Elf (0/3) Orc:2        Vaults (0/5) D:13
 Depths (0/4) D:15         Bailey (visited)         Gauntlet (visited)

Altars:
Ashenzari
Hepliaklqana
Kikubaaqudgha
Qazlal
Ru
Sif Muna
Trog
Uskayaw
Xom
Yredelemnul

Shops:
D:2 ?   D:10 =   Orc:2 (*[:


Innate Abilities, Weirdness & Mutations

You have very sharp teeth.
Your uncanny sense of smell can sniff out nearby items.
Your experience applies equally to all skills.


Message History

An orb spider comes into view.
You feel a strong urge to attack something.
The orb spider's many legs skitter faintly.
The tarantella closely misses you.
You barely miss the tarantella. The tarantella barely misses you.
You closely miss the tarantella.
A sun moth comes into view.
The tarantella touches you!
You slice the tarantella like a ripe choko!!!
You burn the tarantella!
You kill the tarantella!
Trog accepts your kill.
Your +4 lajatang of flaming stops flaming.
a - a +4 heavy battleaxe (weapon)
You are no longer berserk.
You are exhausted.
You feel yourself slow down. The sun moth throws energy at you.
The bolt of energy hits you but does no damage.
You rampage towards the orb spider!
The sun moth throws energy at you. The bolt of energy hits you!!
The sun moth bites you.
You are too injured to fight recklessly!
You are too injured to fight recklessly!
You are too injured to fight recklessly!
You slice the sun moth like a ripe choko!!!
You bite the sun moth, but do no damage.
The sun moth is severely wounded.
You slice the orb spider like a ripe choko!!!
You kill the orb spider!
Trog accepts your kill. The sun moth closely misses you.
The sun moth barely misses you.
You closely miss the sun moth. You bite the sun moth.
The sun moth is severely wounded.
The sun moth throws energy at you. The bolt of energy hits you!!
The sun moth bites you!
* * * LOW HITPOINT WARNING * * *
The sun moth throws energy at you. The bolt of energy hits you!!
You die...

####.......##..# #...#
##.^#.###^..## #...# .
######.#.#..# ##..# ..
###..^.###### #..# #..
#...##.....# ##.. ...
#.)......##### #..#
##..##...##...##.####†.
#....#†.##..###..#....#
#.y@.#..##....#....#
#....##..##.....####
#...#.#....###..##
###.######..#..## ##
##.....## #....#..#
##.###### ###


You could see a sun moth.

Vanquished Creatures
  Saint Roka (Orc:2)
  A sphinx (D:14)
  Gastronok (D:12)
  A frost giant (D:14)
  2 ghost moths (Spider:1)
  A war gargoyle (D:14)
  Nessos (D:13)
  Azrael (Spider:1)
  A minotaur (Gauntlet)
  A spark wasp (Spider:1)
  4 dire elephants (Lair:5)
  2 ettins
  Josephine (Orc:2)
  A yaktaur captain (D:14)
  4 hydras
  Fannar (Orc:1)
  An ice dragon (D:14)
  6 boulder beetles
  An ogre mage (D:13)
  5 vault guards (D:13)
  A catoblepas (D:14)
  A radroach (Spider:1)
  A death yak (Lair:5)
  4 centaur warriors
  4 two-headed ogres
  An orc high priest (Orc:1)
  A demonic crawler (Spider:1)
  2 deep troll earth magi (D:14)
  3 tengu warriors
  A hell knight (D:15)
  2 spectral death yaks (Lair:5)
  A spectral anaconda (Lair:5)
  3 skysharks
  A sun moth (Spider:1)
  3 orb spiders (Spider:1)
  Lodul (D:12)
  2 arcanists
  A glowing orange brain (D:14)
  An obsidian statue (Lair:5)
  A deep elf archer (D:13)
  2 deep elf pyromancers
  8 orc knights
  2 lindwurms (Lair:1)
  5 necromancers
  14 ugly things
  3 wolf spiders
  Maurice (Orc:1)
  3 orc sorcerers
  A moth of wrath (Spider:1)
  13 cyclopes
  4 manticores
  An oklob plant (Lair:2)
  16 elephants
  8 black mambas
  Joseph (D:10)
  9 cane toads
  3 kobold blastminers (Orc:2)
  4 gargoyles
  2 unseen horrors
  Maggie (D:7)
  A freezing wraith (D:14)
  3 efreet
  4 komodo dragons
  2 kobold demonologists
  3 rime drakes
  5 yaktaurs
  A polar bear (Lair:5)
  Prince Ribbit (D:7)
  3 tengu conjurers
  7 trolls
  A wind drake (Lair:3)
  3 tarantellas
  A hornet (D:8)
  2 trolls (shapeshifter)
  9 blink frogs
  13 dream sheep
  A blink frog (shapeshifter) (D:14)
  A raiju (shapeshifter) (D:13)
  17 slime creatures
  2 culicivoras (Spider:1)
  2 shadows (D:13)
  A centaur simulacrum (D:14)
  11 jumping spiders
  2 humans (D:13)
  2 vampires
  45 yaks
  8 wraiths
  4 wyverns
  5 fire elementals (Spider:1)
  A fire bat (shapeshifter) (D:15)
  6 basilisks
  2 steam dragons
  2 death yak simulacra (Lair:5)
  9 redbacks
  9 vampire mosquitoes
  Edmund (D:4)
  5 wargs
  3 spectral cane toads (Lair:5)
  3 hell hounds (Spider:1)
  An acid dragon (D:11)
  22 water moccasins
  The ghost of avis the Trooper, an amateur HOMo (D:3)
  A black bear (D:6)
  2 ice beasts
  A meliai simulacrum (D:12)
  19 ogres
  42 orc warriors
  A sky beast (D:7)
  2 elephant zombies (Lair:5)
  A hornet zombie (D:7)
  5 wolves (Lair:2)
  3 elephant skeletons (Lair:5)
  5 boggarts (D:14)
  16 centaurs
  2 phantoms
  6 kobold brigands
  Blork the orc (D:6)
  7 bullfrogs
  4 gnoll sergeants
  A cane toad simulacrum (Lair:5)
  A wyvern zombie (D:7)
  4 scorpions
  19 wights
  18 killer bees
  3 elephant simulacra (Lair:5)
  An electric eel (Lair:2)
  2 howler monkeys
  A bullfrog zombie (D:7)
  2 centaur zombies (D:7)
  A lava snake (D:7)
  3 hounds
  14 jellies
  Crazy Yiuf (D:2)
  12 orc priests
  A human zombie (D:7)
  4 iguanas
  Ijyb (D:3)
  21 orc wizards
  3 sleepcaps
  A killer bee zombie (D:7)
  A boggart simulacrum (D:15)
  3 mummies (D:7)
  18 gnolls
  22 adders
  A shadow imp (D:5)
  3 white imps
  A worm (D:5)
  A dart slug (D:5)
  88 orcs
  2 bat zombies (D:5)
  7 endoplasms
  4 giant cockroaches
  11 hobgoblins
  6 jackals
  13 kobolds
  2 quokkas (D:2)
  5 ball pythons
  A bat (D:2)
  3 frilled lizards (D:1)
  5 goblins
  5 rats (D:2)
  A rat zombie (D:5)
833 creatures vanquished.

Vanquished Creatures (collateral kills)
  A deep troll earth mage (D:14)
  A komodo dragon (Lair:3)
  A wind drake (shapeshifter) (D:14)
  A troll (Orc:2)
  5 dream sheep (Lair:3)
  2 orc warriors
  2 orc wizards
  4 orcs
17 creatures vanquished.

Vanquished Creatures (others)
  A cyclops (D:14)
  An iguana (D:6)
  An adder (Lair:2)
  An orc (Orc:2)
4 creatures vanquished.

Grand Total: 854 creatures vanquished

Notes
Turn   | Place    | Note
-------+----------+-------------------------------------------
     0 | D:1      | jejorda2 the Gnoll Berserker began the quest for the Orb.
     0 | D:1      | Reached XP level 1. HP: 23/23 MP: 1/1
   226 | D:1      | Reached XP level 2. HP: 29/29 MP: 2/2
   774 | D:2      | Found a faded altar of an unknown god.
   788 | D:2      | Reached XP level 3. HP: 34/35 MP: 3/3
   940 | D:2      | Found Heiv's Magic Scroll Emporium.
  1061 | D:2      | Reached ** piety under Trog
  1062 | D:2      | Reached skill level 1 in Invocations
  1077 | D:2      | Reached skill level 1 in Short Blades
  1077 | D:2      | Reached skill level 1 in Long Blades
  1077 | D:2      | Reached skill level 1 in Maces & Flails
  1077 | D:2      | Reached skill level 1 in Polearms
  1077 | D:2      | Reached skill level 1 in Staves
  1077 | D:2      | Reached skill level 1 in Ranged Weapons
  1077 | D:2      | Reached skill level 1 in Throwing
  1077 | D:2      | Reached skill level 1 in Stealth
  1077 | D:2      | Reached skill level 1 in Shields
  1077 | D:2      | Reached skill level 1 in Unarmed Combat
  1077 | D:2      | Reached skill level 1 in Spellcasting
  1077 | D:2      | Reached skill level 1 in Evocations
  1374 | D:2      | Found a runed translucent door.
  1375 | D:2      | Noticed Crazy Yiuf
  1382 | D:2      | Killed Crazy Yiuf
  1383 | D:2      | Reached skill level 1 in Shapeshifting
  1383 | D:2      | Reached XP level 4. HP: 41/41 MP: 5/5
  1468 | D:2      | Bought a scroll of teleportation for 42 gold pieces
  1516 | D:3      | Reached skill level 1 in Conjurations
  1516 | D:3      | Reached skill level 1 in Hexes
  1516 | D:3      | Reached skill level 1 in Summonings
  1516 | D:3      | Reached skill level 1 in Necromancy
  1516 | D:3      | Reached skill level 1 in Translocations
  1516 | D:3      | Reached skill level 1 in Transmutations
  1516 | D:3      | Reached skill level 1 in Fire Magic
  1516 | D:3      | Reached skill level 1 in Ice Magic
  1516 | D:3      | Reached skill level 1 in Air Magic
  1516 | D:3      | Reached skill level 1 in Earth Magic
  1516 | D:3      | Reached skill level 1 in Poison Magic
  1519 | D:3      | Noticed Ijyb
  1534 | D:3      | Killed Ijyb
  1535 | D:3      | Reached XP level 5. HP: 47/47 MP: 5/7
  1625 | D:3      | Found a transporter.
  1628 | D:3      | Found a transporter.
  1628 | D:3      | Noticed avis's ghost (amateur HOMo)
  1766 | D:3      | Found a hazy altar of Hepliaklqana.
  1766 | D:3      | Noticed a kobold brigand
  1768 | D:3      | Found a faded altar of an unknown god.
  1792 | D:3      | Killed a kobold brigand
  1840 | D:3      | Reached XP level 6. HP: 44/53 MP: 8/8
  2051 | D:3      | Killed avis's ghost
  2052 | D:3      | Reached skill level 5 in Armour
  2052 | D:3      | Reached skill level 5 in Dodging
  2257 | D:4      | Reached XP level 7. HP: 59/59 MP: 10/10
  2385 | D:4      | Noticed Edmund
  2397 | D:4      | Killed Edmund
  2608 | D:4      | Found a stormy altar of Qazlal.
  2883 | D:5      | Entered Level 5 of the Dungeon
  3048 | D:5      | Found a staircase to the Ecumenical Temple.
  3066 | D:5      | Reached XP level 8. HP: 63/67 MP: 12/12
  3298 | D:5      | Found an ancient bone altar of Kikubaaqudgha.
  3521 | D:5      | Noticed a yak
  3537 | D:5      | Killed a yak
  3538 | D:5      | Found a sacrificial altar of Ru.
  3538 | D:5      | Found a hide-covered altar of Uskayaw.
  3648 | D:5      | Noticed a yak
  3648 | D:5      | Noticed a yak
  3665 | D:5      | Killed a yak
  3671 | D:5      | Killed a yak
  3732 | D:6      | Found a shimmering blue altar of Sif Muna.
  3809 | D:6      | Reached XP level 9. HP: 73/73 MP: 14/14
  4001 | D:6      | Noticed Blork the orc
  4015 | D:6      | Killed Blork the orc
  4574 | D:6      | Noticed a troll
  4585 | D:6      | Killed a troll
  4699 | D:6      | Found a bloodstained altar of Trog.
  4803 | D:6      | Reached skill level 5 in Invocations
  4878 | D:6      | Reached *** piety under Trog
  6059 | D:7      | Found a broken altar of Ashenzari.
  6063 | D:7      | Saw a vision of the Shoals and the Spider Nest.
  6063 | D:7      | Noticed a demonic crawler
  6063 | D:7      | Noticed a wolf spider
  6063 | D:7      | Noticed a boulder beetle
  6063 | D:7      | Noticed a sun moth
  6063 | D:7      | Noticed a pharaoh ant
  6063 | D:7      | Noticed a merfolk
  6063 | D:7      | Noticed a manticore
  6063 | D:7      | Noticed a manticore
  6063 | D:7      | Noticed a harpy
  6063 | D:7      | Noticed a skyshark
  6063 | D:7      | Noticed a merfolk aquamancer
  6063 | D:7      | Noticed a manticore
  6063 | D:7      | Noticed a sea snake
  6063 | D:7      | Noticed a tarantella
  6064 | D:7      | Noticed a moth of wrath
  6065 | D:7      | Noticed a steelbarb worm
  6091 | D:7      | Noticed Prince Ribbit
  6095 | D:7      | Noticed Maggie
  6109 | D:7      | Killed Maggie
  6110 | D:7      | Reached XP level 10. HP: 80/80 MP: 17/17
  6112 | D:7      | Killed Prince Ribbit
  6113 | D:7      | Reached skill level 5 in Short Blades
  6113 | D:7      | Reached skill level 5 in Long Blades
  6113 | D:7      | Reached skill level 5 in Maces & Flails
  6113 | D:7      | Reached skill level 5 in Polearms
  6113 | D:7      | Reached skill level 5 in Staves
  6113 | D:7      | Reached skill level 5 in Ranged Weapons
  6113 | D:7      | Reached skill level 5 in Throwing
  6113 | D:7      | Reached skill level 5 in Stealth
  6113 | D:7      | Reached skill level 5 in Shields
  6113 | D:7      | Reached skill level 5 in Unarmed Combat
  6113 | D:7      | Reached skill level 5 in Spellcasting
  6113 | D:7      | Reached skill level 5 in Evocations
  6310 | D:7      | Found a flagged portal.
  6390 | Bailey   | Entered a bailey
  6890 | Bailey   | Noticed an orc knight
  7148 | Bailey   | Identified the +0 crystal plate armour of Conscience {Harm
                  | Int+2}
  7809 | D:7      | Reached skill level 5 in Shapeshifting
  7965 | D:7      | Found a basalt altar of Yredelemnul.
  8210 | D:8      | Paralysed by a hornet for 1 turns
  8926 | D:8      | Noticed a two-headed ogre
  8931 | D:8      | Killed a two-headed ogre
  8932 | D:8      | Reached XP level 11. HP: 87/87 MP: 19/19
  9349 | D:9      | Noticed a two-headed ogre
  9360 | D:9      | Killed a two-headed ogre
  9361 | D:9      | Reached skill level 5 in Conjurations
  9361 | D:9      | Reached skill level 5 in Hexes
  9361 | D:9      | Reached skill level 5 in Summonings
  9361 | D:9      | Reached skill level 5 in Necromancy
  9361 | D:9      | Reached skill level 5 in Translocations
  9361 | D:9      | Reached skill level 5 in Transmutations
  9361 | D:9      | Reached skill level 5 in Fire Magic
  9361 | D:9      | Reached skill level 5 in Ice Magic
  9361 | D:9      | Reached skill level 5 in Air Magic
  9361 | D:9      | Reached skill level 5 in Earth Magic
  9361 | D:9      | Reached skill level 5 in Poison Magic
  9437 | D:9      | Found a staircase to the Lair.
  9725 | D:9      | Reached **** piety under Trog
  9840 | D:9      | Found a staircase to the Orcish Mines.
 10105 | D:10     | Entered Level 10 of the Dungeon
 10646 | D:10     | Identified a scroll of acquirement
 10646 | D:10     | Acquired the amulet of the Jester {Faith rC+ Str+3 Int+4}
 10855 | D:10     | Noticed Joseph
 10868 | D:10     | Killed Joseph
 11235 | D:10     | Found Caiqogit's Jewellery Shoppe.
 11243 | D:10     | Bought a ring of poison resistance for 320 gold pieces
 11678 | Lair:1   | Entered Level 1 of the Lair of Beasts
 11836 | Lair:1   | Noticed a skyshark
 11843 | Lair:1   | Killed a skyshark
 11844 | Lair:1   | Reached XP level 12. HP: 97/97 MP: 22/22
 12696 | Lair:2   | Found a gate leading to a gauntlet.
 12707 | Gauntlet | Entered a Gauntlet
 12707 | Gauntlet | Found a transporter.
 12707 | Gauntlet | Found a transporter.
 12713 | Gauntlet | Found a transporter.
 12729 | Gauntlet | Found a transporter.
 12734 | Gauntlet | Found a runed translucent door.
 12738 | Gauntlet | Noticed a tengu warrior
 12742 | Gauntlet | Found a transporter.
 12742 | Gauntlet | Found a transporter.
 12744 | Gauntlet | Found a transporter.
 12744 | Gauntlet | Found a transporter.
 12746 | Gauntlet | Found a transporter.
 12749 | Gauntlet | Found a runed translucent door.
 12749 | Gauntlet | Noticed a ghost crab
 12756 | Gauntlet | Found a transporter.
 12772 | Gauntlet | Found a transporter.
 12774 | Gauntlet | Found a runed translucent door.
 12782 | Gauntlet | Found a transporter.
 12796 | Gauntlet | Found a transporter.
 12816 | Gauntlet | Found a transporter.
 12916 | Gauntlet | Reached skill level 10 in Fighting
 12916 | Gauntlet | Reached skill level 10 in Axes
 12921 | Gauntlet | Killed a tengu warrior
 13026 | Gauntlet | Identified the +5 ring mail "Awo Qem" {rF+ rC+ Str+3}
 13028 | Gauntlet | Identified the ring "Tonof" {Str+6 Int+5}
 13047 | Gauntlet | Identified the +4 sling of jejorda2's Death {heavy, rElec
                  | Int+5}
 13047 | Gauntlet | Noticed a minotaur
 13062 | Gauntlet | Killed a minotaur
 13242 | Gauntlet | Identified the +0 scale mail of Pessimism {rElec}
 13919 | Lair:2   | Reached ***** piety under Trog
 14044 | Lair:2   | Identified the +11 flail of the Six Heavens {heavy, rPois
                  | rF+ Str+2}
 14458 | Lair:3   | Reached XP level 13. HP: 104/104 MP: 23/25
 14634 | Lair:3   | Found a hole to the Spider Nest.
 15212 | Lair:3   | Found a staircase to the Shoals.
 15858 | Lair:4   | You fall into a shaft and drop 1 floor!
 15858 | Lair:5   | Entered Level 5 of the Lair of Beasts
 16284 | Lair:4   | Reached skill level 10 in Armour
 16284 | Lair:4   | Reached skill level 10 in Dodging
 16813 | Lair:4   | Found a staircase to the Slime Pits.
 16932 | Lair:4   | Reached XP level 14. HP: 95/113 MP: 25/27
 17804 | Lair:5   | Reached skill level 10 in Invocations
 18188 | Lair:5   | Noticed a dire elephant
 18188 | Lair:5   | Noticed a dire elephant
 18286 | Lair:5   | Noticed a dire elephant
 18413 | Lair:5   | Noticed a dire elephant
 18431 | Lair:5   | Killed a dire elephant
 18826 | Lair:5   | Killed a dire elephant
 19796 | Lair:5   | Killed a dire elephant
 19872 | Lair:5   | Killed a dire elephant
 21841 | D:11     | Identified the +7 mace "Rese" {heavy, rElec rCorr}
 22343 | D:11     | Received a gift from Trog
 22818 | D:12     | Found a shimmering altar of Xom.
 23756 | D:12     | Noticed Lodul
 23756 | D:12     | Noticed Gastronok
 23768 | D:12     | Killed Lodul
 23769 | D:12     | Reached XP level 15. HP: 120/120 MP: 28/28
 23769 | D:12     | Killed Gastronok
 24273 | D:12     | Reached skill level 10 in Short Blades
 24273 | D:12     | Reached skill level 10 in Long Blades
 24273 | D:12     | Reached skill level 10 in Maces & Flails
 24273 | D:12     | Reached skill level 10 in Polearms
 24273 | D:12     | Reached skill level 10 in Staves
 24273 | D:12     | Reached skill level 10 in Ranged Weapons
 24273 | D:12     | Reached skill level 10 in Throwing
 24273 | D:12     | Reached skill level 10 in Stealth
 24273 | D:12     | Reached skill level 10 in Shields
 24273 | D:12     | Reached skill level 10 in Unarmed Combat
 24273 | D:12     | Reached skill level 10 in Spellcasting
 24273 | D:12     | Reached skill level 10 in Evocations
 24820 | D:13     | Received a gift from Trog
 25628 | D:13     | Found a gate to the Vaults.
 26120 | D:13     | Noticed Nessos
 26129 | D:13     | Killed Nessos
 27565 | D:14     | Noticed a sphinx
 27581 | D:14     | Killed a sphinx
 27583 | D:14     | Reached XP level 16. HP: 35/129 MP: 30/30
 28356 | D:14     | Reached skill level 10 in Shapeshifting
 28766 | D:15     | Entered Level 15 of the Dungeon
 29178 | D:15     | Found a staircase to the Depths.
 29362 | D:15     | Received a gift from Trog
 29663 | D:15     | Found a broken altar of Ashenzari.
 30088 | D:15     | Found a shimmering blue altar of Sif Muna.
 30245 | Orc:1    | Entered Level 1 of the Orcish Mines
 30245 | Orc:1    | Noticed Maurice
 30273 | Orc:1    | Killed Maurice
 30430 | Orc:2    | Entered Level 2 of the Orcish Mines
 31611 | Orc:1    | Paralysed by an orc sorcerer for 2 turns
 31959 | Orc:2    | Received a gift from Trog
 32297 | Orc:2    | Noticed Josephine
 32306 | Orc:2    | Killed Josephine
 32429 | Orc:1    | Paralysed by an orc sorcerer for 3 turns
 32463 | Orc:1    | Noticed Fannar
 32475 | Orc:1    | Killed Fannar
 32785 | Orc:2    | Found a staircase to the Elven Halls.
 32790 | Orc:2    | Noticed Saint Roka
 32804 | Orc:2    | Killed Saint Roka
 33395 | Orc:2    | Found Xiyp's Armour Emporium.
 33395 | Orc:2    | Found Ypuanaip's General Store.
 33397 | Orc:2    | Found Orereuno's Weapon Shop.
 33399 | Orc:2    | Found Xotafa's Book Shoppe.
 33416 | Orc:2    | Bought 3 darts of dispersal for 35 gold pieces
 33416 | Orc:2    | Bought 6 atropa-tipped darts for 70 gold pieces
 33520 | Spider:1 | Entered Level 1 of the Spider Nest
 33894 | Spider:1 | Received a gift from Trog
 34116 | Spider:1 | Reached XP level 17. HP: 95/136 MP: 8/32
 34791 | Spider:1 | Noticed Azrael
 34809 | Spider:1 | Killed Azrael
 34824 | Spider:1 | Blown up by a sun moth

Illustrated notes

Levels and vault maps discovered:
D:1:      minmay_arrival_four_loops, layout_basic,
          chequers_serial_rivers_micro_e
D:2:      layout_rooms, ebering_ecumenical_altar_rust, serial_shops,
          nicolae_shop_rolled_up, minmay_heptomino_w4, uniq_crazy_yiuf_cottage
D:3:      layout_basic, beargit_hepliaklqana_dungeon_heroes,
          gammafunk_ghost_arena, uniq_ijyb
D:4:      layout_basic, kennysheep_mini_moat, uniq_edmund
D:5:      layout_rooms, lemuel_zombie_altar_kikubaaqudgha,
          chequers_temple_overflow_statue_of_worship,
          minmay_temple_entry_drinking_statues
D:6:      layout_layer_cave, mainiacjoe_overflow_concentric_impassable,
          mainiacjoe_overflow_cross_hatched, minmay_small_thing,
          uniq_blork_the_orc
D:7:      layout_loops_cross, grunt_ashenzari_visionary
          [grunt_ashenzari_visionary_shoals, grunt_ashenzari_visionary_spider],
          lemuel_mausoleum_altar_yredelemnul, enter_bailey_6,
          kennysheep_generic_room_5, uniq_prince_ribbit1, uniq_maggie
D:8:      layout_basic, fountainhead, hangedman_abyss_or_decor_passed,
          supply_closet_lemuel
D:9:      layout_rooms, minmay_lair_entry_grove,
          kennysheep_orc_monster_closet_entryway, minmay_hedge_maze
D:10:     layout_loops_corners, serial_shops, shop_fountains,
          chequers_arboretum, uniq_joseph
D:11:     layout_basic
D:12:     layout_basic, tgw_xom, uniq_lodul, uniq_gastronok
D:13:     minmay_razor_zed, layout_cave_pools, grunt_vaults_entry_fortified,
          serial_park, serial_park_tiny_2, serial_park_tiny_2,
          serial_park_gazebo [serial_park_minivault_5x5_1], uniq_nessos
D:14:     layout_loops_ring, nicolae_rejected_hall
D:15:     hangedman_depths_entry_civil_slaughter, layout_basic,
          hellmonk_sif_muna_bookshelves, ashenzari_conservatory_becter
Lair:1:   layout_loops_ring, nicolae_lair_lindhole
Lair:2:   lemuel_reptile_caves, layout_small_grid, gauntlet_entry_generic,
          minmay_lair_oklob_items, lemuel_fruit_fields,
          infiniplex_staircase_pool_2
Lair:3:   layout_chaotic_city, minmay_shoals_entry_beasts,
          spider_nest_entry_rubble
Lair:4:   layout_misc_corridors, minmay_slime_entry_jelly_boxes
Lair:5:   due_jungle_book, layout_layer_cave, grunt_megastairs_1
Spider:1: layout_spider_delve, hellmonk_motheaten_closet, uniq_azrael
Orc:1:    layout_caves, basic_altar, uniq_fannar, uniq_maurice
Orc:2:    st_orc_rangers, layout_caves, uniq_josephine, uniq_saint_roka

Skill      XL: |  1  2  3  4  5  6  7  8  9 10 11 12 13 14 15 16 |
---------------+-------------------------------------------------+-----
Invocations    | 1 2 3 4 5 6 7 8 9 10 11 12 | 12.6
Short Blades   | 1 2 3 4 5 7 8 9 10 11 | 11.6
Long Blades    | 1 2 3 4 5 7 8 9 10 11 | 11.6
Maces & Flails | 1 2 3 4 5 7 8 9 10 11 | 11.6
Polearms       | 1 2 3 4 5 7 8 9 10 11 | 11.6
Staves         | 1 2 3 4 5 7 8 9 10 11 | 11.6
Ranged Weapons | 1 2 3 4 5 7 8 9 10 11 | 11.6
Throwing       | 1 2 3 4 5 7 8 9 10 11 | 11.6
Stealth        | 1 2 3 4 5 7 8 9 10 11 | 11.6
Shields        | 1 2 3 4 5 7 8 9 10 11 | 11.6
Unarmed Combat | 1 2 3 4 5 7 8 9 10 11 | 11.6
Spellcasting   | 1 2 3 4 5 7 8 9 10 11 | 11.6
Evocations     | 1 2 3 4 5 7 8 9 10 11 | 11.6
Shapeshifting  | 1 2 3 4 5 6 7 8 9 10 | 10.7
Conjurations   | 1 2 3 4 5 6 7 8 9 |  9.8
Hexes          | 1 2 3 4 5 6 7 8 9 |  9.8
Summonings     | 1 2 3 4 5 6 7 8 9 |  9.8
Necromancy     | 1 2 3 4 5 6 7 8 9 |  9.8
Translocations | 1 2 3 4 5 6 7 8 9 |  9.8
Transmutations | 1 2 3 4 5 6 7 8 9 |  9.8
Fire Magic     | 1 2 3 4 5 6 7 8 9 |  9.8
Ice Magic      | 1 2 3 4 5 6 7 8 9 |  9.8
Air Magic      | 1 2 3 4 5 6 7 8 9 |  9.8
Earth Magic    | 1 2 3 4 5 6 7 8 9 |  9.8
Poison Magic   | 1 2 3 4 5 6 7 8 9 |  9.8
Armour         | 5 6 7 8 9 10 11 12 | 12.5
Dodging        | 5 6 7 8 9 10 11 12 | 12.5
Fighting       | 7 8 9 10 11 12 13 | 13.2
Axes           | 7 8 9 10 11 12 13 | 13.2

Action                     |  1- 3 |  4- 6 |  7- 9 | 10-12 | 13-15 | 16-18 || total
---------------------------+-------+-------+-------+-------+-------+-------++-------
  Melee: Hand axe          |   101 |   102 |   467 |    92 |       |       ||   762
         Bite              |     4 |    10 |    58 |    72 |   176 |    81 ||   401
         Punch             |       |     2 |     3 |     4 |     8 |     5 ||    22
         War axe           |       |       |       |   326 |   232 |       ||   558
         Trident           |       |       |       |    37 |       |       ||    37
         Dire flail        |       |       |       |   175 |   682 |   115 ||   972
         Unarmed           |       |       |       |    33 |       |       ||    33
         Executioner's axe |       |       |       |       |   110 |    32 ||   142
         Battleaxe         |       |       |       |       |       |   213 ||   213
         Demon trident     |       |       |       |       |       |   129 ||   129
         Lajatang          |       |       |       |       |       |    69 ||    69
  Throw: Boomerang         |       |       |     1 |     4 |    56 |     8 ||    69
         Dart              |       |       |       |    58 |    94 |    47 ||   199
         Javelin           |       |       |       |       |    11 |     4 ||    15
 Invoke: Berserk           |     1 |     4 |    10 |    21 |    20 |    16 ||    72
         Trog's Hand       |       |     2 |     4 |     8 |    11 |     7 ||    32
         Brothers in Arms  |       |       |       |       |     2 |     1 ||     3
  Evoke: Wand              |       |       |     2 |     3 |     2 |     2 ||     9
         Condenser vane    |       |       |       |       |     2 |     1 ||     3
         Phial of floods   |       |       |       |       |     2 |       ||     2
    Use: Scroll            |       |       |     8 |    17 |     8 |     2 ||    35
         Potion            |       |       |       |       |     5 |     2 ||     7
   Stab: Petrified         |       |       |       |       |     2 |       ||     2
         Petrifying        |       |       |       |       |     1 |       ||     1
         Invisible         |       |       |       |       |       |     1 ||     1
 Armour: Plate armour      |    70 |    74 |   346 |   110 |       |       ||   600
         Leather armour    |     3 |       |       |       |       |       ||     3
         Crystal plate arm |       |       |       |   467 |  1252 |   900 ||  2619
  Dodge: Dodged            |    27 |    22 |   127 |   205 |   368 |   340 ||  1089
  Block: Buckler           |       |       |    58 |    87 |       |       ||   145

Table legend: (Time is in decaauts)
 A = Elapsed time spent in this place.
 B = Non-inter-level travel time spent in this place.
 C = Inter-level travel time spent in this place.
 D = Time resting spent in this place.
 E = Time spent auto-exploring this place.
 F = Levels seen in this place.
 G = Mean time per level.
                   A        B        C        D        E       F      G
               +--------+--------+--------+--------+--------+-----+--------+
         Total |  35277 |  33797 |   1480 |   6993 |  20208 |  25 | 1411.1 |
       Dungeon |  19794 |  18763 |   1031 |   2748 |  12143 |  15 | 1319.6 |
          Lair |   9452 |   9067 |    385 |   1377 |   6164 |   5 | 1890.4 |
   Spider Nest |   1334 |   1334 |      0 |    456 |    606 |   1 | 1334.0 |
  Orcish Mines |   3261 |   3199 |     62 |   1795 |    957 |   2 | 1630.5 |
        Bailey |    885 |    885 |      0 |    430 |    169 |   1 |  885.0 |
      Gauntlet |    550 |    550 |      0 |    185 |    168 |   1 |  550.0 |
               +--------+--------+--------+--------+--------+-----+--------+

Top non-repeatable levels by time:
  Lair:5: 4390 daAuts
    D:12: 2460 daAuts
    D:13: 2355 daAuts
   Orc:1: 2259 daAuts
     D:6: 1963 daAuts
    D:14: 1653 daAuts
    D:10: 1629 daAuts
  Lair:2: 1420 daAuts
  Lair:4: 1363 daAuts
    D:15: 1350 daAuts
Spider:1: 1334 daAuts
  Lair:3: 1332 daAuts
     D:7: 1322 daAuts
     D:8: 1251 daAuts
     D:5: 1067 daAuts
